AoeStats
← Erker

Arena

508711579Analyzed
4v4 RM · 9d ago on Sep 23, 2026· 42m 38s· 8 players
Game mode
Random Map
Map size
Large (8 player)
Population
200
Speed
Normal
Resources
Standard
Victory
Conquest
Starting age
Dark Age
Ending age
Imperial Age
RankedLock teamsTeams togetherTeam positionsShared explorationLock speedFull tech treeHidden civsTurbo modeCheats
Victory
Defeat
🇩🇪 Ethiopians · Germany
1232
+14
🇧🇩 Saracens · Bangladesh
1186
+16
🇺🇸 Vietnamese · United States
1141
+17
🇲🇽 Burgundians · Mexico
1121
+18
🇬🇧 Danes · United Kingdom
1231
-19
🇺🇸 Malians · United States
1187
-17
🇷🇴 Varangians · Romania
1180
-16
🇳🇱 Khmer · Netherlands
1104
-13
Erker
7:49 Loom
10:33 Feudal Age
10:36 Feudal Age
15:17 Castle Age
13:17 Double-Bit Axe
14:01 Horse Collar
16:51 Bow Saw
17:12 Heavy Plow
18:20 Wheelbarrow
19:01 Gold Mining
21:10 Town Watch
24:30 Hand Cart
26:09 Forging
26:05 Scale Barding Armor
30:46 Imperial Age
28:30 Bloodlines
30:10 Husbandry
30:51 Iron Casting
30:36 Chain Barding Armor
32:11 Crop Rotation
32:48 Two-Man Saw
32:53 Blast Furnace
32:08 Cavalier
33:18 Elite Jarl
36:32 Plate Barding Armor
36:59 Conscription
36:53 Cavalier
40:16 Chemistry
40:19 Heavy Scorpion
Starscream
10:37 Feudal Age
12:16 Double-Bit Axe
14:39 Castle Age
12:30 Horse Collar
13:59 Gold Mining
14:58 Loom
15:59 Bow Saw
20:53 Scale Mail Armor
21:45 Forging
23:11 Wheelbarrow
27:44 Imperial Age
26:32 Chain Mail Armor
26:51 Heavy Plow
27:47 Iron Casting
28:00 Town Watch
28:40 Hand Cart
32:11 Blast Furnace
31:01 Fletching
33:24 Plate Mail Armor
33:51 Bodkin Arrow
34:17 Ballistics
34:07 Town Watch
34:51 Elite Jomsviking
36:22 Conscription
37:23 Bracer
38:25 Chemistry
37:28 Stone Mining
37:34 Hamask
38:40 Arson
38:56 Squires
38:23 Elite Varangian Guard
39:27 Murder Holes
40:27 Masonry
[RPTea] Sir_Craenen
11:11 Feudal Age
15:08 Castle Age
13:27 Double-Bit Axe
18:06 Bow Saw
21:26 Husbandry
21:21 Horse Collar
23:40 Loom
26:06 Bloodlines
26:15 Forging
26:23 Heavy Plow
31:25 Imperial Age
29:53 Gold Mining
29:54 Stone Mining
31:25 Iron Casting
30:56 Scale Barding Armor
30:56 Tusk Swords
31:56 Gold Shaft Mining
32:07 Stone Shaft Mining
34:48 Blast Furnace
35:02 Conscription
36:32 Crop Rotation
36:53 Chain Barding Armor
38:01 Wheelbarrow
36:50 Elite Battle Elephant
38:22 Plate Barding Armor
Enjoyablekandy
11:07 Feudal Age
14:55 Castle Age
13:09 Double-Bit Axe
15:17 Loom
16:51 Wheelbarrow
17:35 Squires
22:15 Scale Mail Armor
23:06 Horse Collar
26:53 Hand Cart
26:50 Gold Mining
26:56 Town Watch
27:42 Stone Mining
28:56 Gold Shaft Mining
28:35 Bow Saw
29:54 Heavy Plow
30:44 Scale Barding Armor
30:50 Forging
31:16 Bloodlines
33:45 Husbandry
38:13 Imperial Age
36:06 Squires
38:19 Chain Barding Armor
38:34 Iron Casting
38:22 Cavalier
41:13 Light Cavalry
Big Oil
10:16 Feudal Age
10:52 Double-Bit Axe
11:15 Horse Collar
13:27 Loom
16:35 Castle Age
17:13 Fletching
18:27 Crossbowman
20:56 Padded Archer Armor
24:03 Bodkin Arrow
26:01 Wheelbarrow
27:33 Hand Cart
28:16 Heavy Plow
32:24 Imperial Age
31:10 Leather Archer Armor
33:50 Ballistics
34:31 Chemistry
33:43 Thumb Ring
35:53 Paper Money
40:07 Bow Saw
41:21 Bracer
Rey de Copas
11:08 Feudal Age
9:26 Double-Bit Axe
15:16 Castle Age
13:31 Bow Saw
13:04 Horse Collar
13:47 Heavy Plow
21:04 Forging
25:03 Scale Barding Armor
31:50 Imperial Age
30:22 Iron Casting
30:37 Chain Barding Armor
31:51 Wheelbarrow
31:49 Crop Rotation
31:32 Husbandry
34:36 Blast Furnace
34:12 Plate Barding Armor
37:03 Conscription
37:17 Elite Coustillier
J. C. Maxwell
11:31 Feudal Age
15:24 Castle Age
13:24 Horse Collar
14:47 Stone Mining
15:02 Double-Bit Axe
17:42 Bow Saw
19:05 Heavy Plow
18:53 Loom
22:21 Wheelbarrow
22:04 Gold Mining
24:04 Gold Shaft Mining
24:37 Hand Cart
29:05 Imperial Age
27:00 Scale Barding Armor
27:07 Forging
27:09 Bloodlines
28:33 Chain Barding Armor
28:16 Husbandry
29:42 Iron Casting
29:11 Elite Mameluke
30:30 Plate Barding Armor
30:08 Town Watch
30:59 Conscription
30:05 Light Cavalry
31:50 Two-Man Saw
32:12 Blast Furnace
31:28 Hussar
34:58 Fletching
37:05 Bodkin Arrow
38:08 Coinage
39:46 Banking
JHON_BOLTO
12:10 Feudal Age
16:10 Castle Age
21:50 Double-Bit Axe
22:38 Crossbowman
30:03 Fletching
34:10 Imperial Age
32:59 Bodkin Arrow
33:43 Ballistics
34:59 Bow Saw
34:31 Horse Collar
34:20 Arbalester
37:11 Bracer
40:30 Two-Man Saw
39:33 Heavy Plow
39:21 Capped Ram
40:32 Forging
40:22 Scale Mail Armor
41:05 Scale Mail Armor
41:59 Conscription
42:31 Iron Casting
42:11 Chain Mail Armor
41:57 Loom
Connection lost

Rejoining the realm…

Still unreachable

The connection could not be restored.

Session expired

The server has moved on; the page needs a fresh start.